 Dungeon Sprint DCSS version 0.31-a0-879-g1609e0ac53 (webtiles) character file.

Game seed: 196114040533956669

4419 rocky1 the Brawler (level 10, -3/69 HPs)
             Began as a Djinni Shapeshifter on Oct 15, 2023.
             Was an Initiate of Gozag.
             Slain by a manticore (12 damage)
             ... in the Dungeon (Sprint II: "The Violet Keep of Menkaure").
             The game lasted 00:06:29 (1595 turns).

rocky1 the Brawler (Djinni Shapeshifter)            Turns: 1595, Time: 00:06:29

Health: -3/69      AC: 14    Str: 17    XL:     10   Next: 62%
Gold:   1822       EV:  7    Int: 12    God:    Gozag SH:  0 Dex: 13

rFire   + +          .
                       - Unarmed
rCold   x . .        (no shield)
rNeg    + . .        h - +3 plate armour {Will+}
rPois   ∞            (helmet currently unavailable)
rElec   .            (cloak currently unavailable)
rCorr   .            (gloves currently unavailable)
SInv    .            (boots unavailable)
Will    ++...        (no amulet)
Stlth   x              - ring of positive energy
HPRegen 0.31/turn    (no ring)
MPRegen 0.00/turn

%: no teleportation, infuse magic (-4 HP)
@: mighty, beast-form, gold aura, flying, hasted, very quick
A: beast (slay +4), flying, sickness immunity, fire resistance 2, cold
vulnerability 1, float, innate caster, HP casting, extra vitality 1
a: Begin Untransformation, Renounce Religion, Potion Petition, Call Merchant,
Bribe Branch


You were in the Dungeon.
You worshipped Gozag.
Gozag was most pleased with you.
You were a hulking beast.
You visited 1 branch You collected 2964 gold pieces.
You spent 1142 gold pieces at shops.

Inventory:

Hand Weapons
 b - a +2 scimitar of electrocution
Armour
 a - a +0 animal skin
 h - a +3 plate armour of willpower (worn)
 y - a +2 leather armour of cold resistance
Jewellery
 x - a ring of positive energy (left hand)
Talismans
 c - a beast talisman (active)
 d - a flux talisman
Scrolls
 i - 2 scrolls of blinking
 n - 2 scrolls of poison {unknown}
 o - 3 scrolls of identify {unknown}
 p - a scroll of fog {unknown}
 r - a scroll of enchant armour {unknown}
 u - 2 scrolls of vulnerability {unknown}
Potions
 e - 3 potions of curing
 f - a potion of heal wounds
 g - a potion of haste
 j - 5 potions of resistance
 k - a potion of might
 l - a potion of mutation
 m - 2 potions of berserk rage
 q - a potion of ambrosia {unknown}
 s - 2 potions of attraction {unknown}
 t - 2 potions of degeneration {unknown}
 v - 3 potions of enlightenment {unknown}
 w - 3 potions of magic {unknown}


   Skills:
 * Level 4.3 Fighting
 + Level 3.6 Armour
 + Level 8.6 Dodging
 + Level 17.7 Unarmed Combat
 + Level 11.6 Shapeshifting


You knew the following spells:

 Your Spells              Type           Power      Damage    Failure   Level
a - Sting                 Tmut/Pois      0%         1d3       100%        1
b - Blink                 Tloc           0%         N/A       100%        2
c - Confusing Touch       Hex            0%         N/A       100%        3
d - Vhi's Electric Charg  Tloc/Air       0%         N/A       100%        4
Your spell library was empty.


Dungeon Overview and Level Annotations

Branches:
Dungeon (1/1)

Altars:
Cheibriados
Dithmenos
Elyvilon
Fedhas
Gozag
Hepliaklqana
Makhleb
Nemelex Xobeh
Okawaru
Qazlal
Ru
Trog
Uskayaw
Wu Jian
Xom
Yredelemnul
Zin
The Shining One
Jiyva
Lugonu

Shops:
D !(:!*:=[[:[?*(=

Annotations:
D exclusions: ice statue and oklob plant, Roxanne


Innate Abilities, Weirdness & Mutations

You are a hulking beast.
Your limbs bulge with bestial killing power. (Slay +4)
You are flying.
You are immune to sickness and miasma.
You are immune to poison.
Your flesh is very heat resistant. (rF++)
You are vulnerable to cold. (rC-)
You float through the air rather than walking.
You learn spells naturally, not from books.
Your magical power is your life essence.
You have superior vitality. (+4 MHP)


Message History

You feel very mighty all of a sudden.
You hit the crystal guardian but do no damage.
You punch the crystal guardian.
The crystal guardian is lightly damaged.
You hit the crystal guardian.
The crystal guardian is lightly damaged.
The crystal guardian fires a crystalline bolt at you.
The crystal bolt burns you! You resist.
You pummel the crystal guardian!!
The crystal guardian is heavily damaged.
You hit the crystal guardian.
The crystal guardian is severely damaged.
You hit the crystal guardian but do no damage.
You punch the crystal guardian!
The crystal guardian is almost destroyed.
The crystal guardian hits you but does no damage.
You hit the crystal guardian but do no damage.
You punch the crystal guardian, but do no damage.
The crystal guardian is almost destroyed.
You punch the crystal guardian!
You destroy the crystal guardian!
Your Fighting skill increases to level 4!
You now have 1822 gold pieces (gained 216).
You reach down and open the door.
A manticore comes into view.
Found 81 gold pieces. 2 manticores come into view.
The manticore bites you!
The manticore claws you but does no damage.
The manticore claws you. The manticore bites you!
The manticore claws you but does no damage.
The manticore barely misses you.
There is an open door here.
The manticore bites you!
* * * LOW HITPOINT WARNING * * *
The manticore barely misses you. The manticore claws you.
* * * LOW HITPOINT WARNING * * *
The manticore bites you!
You die...
Your body crumbles into a pile of gold. §≈≈§ #...▓▓▓▓▓▓▓▓▓▓ # ○○ ... #..°▓§≈≈≈≈§≈≈▓ #+++#+++## .. ##"[▓▓▓▓▓▓▓▓▓▓ .........# .. .#)%▓.)...)..▓ ~.## ##..# #. .#[|▓).......▓ ~##. $##.#### +.##.#°)▓.."[...)▓ ~#.. ..#....# ...####▓).).)().▓ ## B#B

###..#####..##.#▓.)..).:.▓ .###+#
#.##..#HHh..#.)#▓...(..(.▓
..##.###..#..#.H#..#..#▓.....[.(▓
#)'.<.'.##'..####..##.#▓[)......▓
..##.###..#....###...##▓▓▓▓▓▓▓'▓▓
.###'###.##......~~~~~~~~~~~~~..w
###.#.####~~..§§.~#'########'###.
~#.###.#~~~~§~~..§#.._.....#~~~##
~##.#.##~~~~~§~§.~#._._....#~~§≈#
~~##'##~~~§≈≈~~~§~#_._._...#~~~~§


You could see 3 manticores.

Vanquished Creatures
  A crystal guardian (D)
  2 death drakes (D)
  A merfolk siren (D)
  A yaktaur (D)
  3 polar bears (D)
  A hornet (D)
  2 wyverns (D)
  Menkaure (D)
  5 water moccasins (D)
  2 swamp drakes (D)
  5 scorpions (D)
  A tentacle (D)
25 creatures vanquished.

Vanquished Creatures (others)
  7 tentacles (D)
7 creatures vanquished.

Grand Total: 32 creatures vanquished

Notes
Turn   | Place    | Note
-------+----------+-------------------------------------------
     0 | D        | rocky1 the Djinni Shapeshifter began the quest for the Orb.
     0 | D        | Reached XP level 1. HP: 17/17 MP: 0/0
     1 | D        | Noticed a scorpion
     1 | D        | Noticed a scorpion
     9 | D        | Killed a scorpion
    10 | D        | Reached skill level 5 in Unarmed Combat
    10 | D        | Reached skill level 5 in Shapeshifting
    10 | D        | Reached XP level 2. HP: 22/22 MP: 0/0
    10 | D        | Reached XP level 3. HP: 27/27 MP: 0/0
    10 | D        | Learned a level 1 spell: Sting
    10 | D        | Reached XP level 4. HP: 32/32 MP: 0/0
    14 | D        | Killed a scorpion
    15 | D        | Reached skill level 6 in Unarmed Combat
    15 | D        | Reached XP level 5. HP: 37/37 MP: 0/0
    15 | D        | Learned a level 2 spell: Blink
    21 | D        | Reached skill level 7 in Unarmed Combat
    24 | D        | Reached skill level 8 in Unarmed Combat
    24 | D        | Reached XP level 6. HP: 42/42 MP: 0/0
    42 | D        | Noticed Menkaure
    45 | D        | Killed Menkaure
    45 | D        | Noticed a water moccasin
    51 | D        | Killed a water moccasin
    52 | D        | Reached skill level 9 in Unarmed Combat
    53 | D        | Found a stormy altar of Qazlal.
    53 | D        | Found an ornate altar of the Wu Jian Council.
    54 | D        | Found a hazy altar of Hepliaklqana.
    54 | D        | Found a sacrificial altar of Ru.
    54 | D        | Found a shimmering altar of Xom.
    55 | D        | Found a viscous altar of Jiyva.
    56 | D        | Found a snail-covered altar of Cheibriados.
    56 | D        | Found a bloodstained altar of Trog.
    57 | D        | Found a shadowy altar of Dithmenos.
    57 | D        | Found a corrupted altar of Lugonu.
    58 | D        | Found a white marble altar of Elyvilon.
    58 | D        | Found a burning altar of Makhleb.
    59 | D        | Found a blossoming altar of Fedhas.
    61 | D        | Found an opulent altar of Gozag.
    61 | D        | Found a glowing golden altar of the Shining One.
    61 | D        | Found a basalt altar of Yredelemnul.
    61 | D        | Found a hide-covered altar of Uskayaw.
    61 | D        | Found a sparkling altar of Nemelex Xobeh.
    62 | D        | Found a glowing silver altar of Zin.
    62 | D        | Found an iron altar of Okawaru.
    65 | D        | Noticed a water moccasin
    67 | D        | Noticed a water moccasin
    69 | D        | Noticed a water moccasin
    69 | D        | Noticed a flying skull
    69 | D        | Noticed a flying skull
    70 | D        | Became a worshipper of Gozag Ym Sagoz the Greedy
    94 | D        | Noticed Roxanne
   167 | D        | Noticed a wyvern
   167 | D        | Noticed a wyvern
   177 | D        | Killed a wyvern
   178 | D        | Reached skill level 5 in Dodging
   178 | D        | Reached skill level 10 in Unarmed Combat
   178 | D        | Reached XP level 7. HP: 27/48 MP: 0/0
   178 | D        | Learned a level 3 spell: Confusing Touch
   180 | D        | Killed a wyvern
   386 | D        | Noticed an ice statue
   393 | D        | Found Finnu's Antique Armour Shop.
   393 | D        | Found Teskoovu's Assorted Antiques.
   395 | D        | Found Isujo's Antique Armour Boutique.
   395 | D        | Found Xuwniot's Book Boutique.
   396 | D        | Found Nicytus's Antique Armour Boutique.
   396 | D        | Found Wohi's Jewellery Shop.
   396 | D        | Found Baj Gueduho's Jewellery Shop.
   422 | D        | Noticed a merfolk siren
   434 | D        | Killed a merfolk siren
   435 | D        | Reached skill level 12 in Unarmed Combat
   435 | D        | Reached skill level 10 in Shapeshifting
   435 | D        | Reached XP level 8. HP: 34/54 MP: 0/0
   507 | D        | Noticed a boulder beetle
   507 | D        | Noticed a boulder beetle
   518 | D        | Found Juxus's Magic Scroll Boutique.
   519 | D        | Found Ytemon's Antique Weapon Boutique.
   520 | D        | Found Moiragg's Book Shop.
   520 | D        | Noticed a great orb of eyes
   522 | D        | Found Bessi's Assorted Antiques.
   522 | D        | Found Ifiu's Distillery.
   522 | D        | Noticed an oklob plant
   566 | D        | Found Muimet's Weapon Shop.
   566 | D        | Found Sotuira's Book Shoppe.
   566 | D        | Found Tekkegehe's Distillery.
   609 | D        | Noticed a hell hog
   609 | D        | Noticed a hell hog
   631 | D        | Noticed a slime creature
   636 | D        | Noticed a slime creature
   636 | D        | Noticed a slime creature
   640 | D        | Bought a glowing plate armour for 442 gold pieces
   656 | D        | Bought 2 potions of resistance for 280 gold pieces
   656 | D        | Bought 2 potions of might for 112 gold pieces
   656 | D        | Bought a potion of might for 56 gold pieces
   656 | D        | Bought a potion of haste for 140 gold pieces
   656 | D        | Bought a potion of mutation for 112 gold pieces
   700 | D        | Noticed a yaktaur
   700 | D        | Noticed a hornet
   700 | D        | Noticed a polar bear
   700 | D        | Noticed a polar bear
   700 | D        | Noticed a polar bear
   706 | D        | Killed a polar bear
   712 | D        | Killed a polar bear
   713 | D        | Reached skill level 13 in Unarmed Combat
   713 | D        | Reached XP level 9. HP: 50/59 MP: 0/0
   713 | D        | Learned a level 4 spell: Vhi's Electric Charge
   715 | D        | Killed a hornet
   719 | D        | Killed a polar bear
   720 | D        | Reached skill level 14 in Unarmed Combat
   728 | D        | Killed a yaktaur
   729 | D        | Reached skill level 1 in Armour
   744 | D        | Noticed a kraken
   765 | D        | Reached skill level 15 in Unarmed Combat
  1305 | D        | Noticed a death drake
  1319 | D        | Killed a death drake
  1320 | D        | Reached skill level 16 in Unarmed Combat
  1320 | D        | Reached XP level 10. HP: 65/67 MP: 0/0
  1413 | D        | Noticed a death drake
  1508 | D        | Noticed a crystal guardian
  1528 | D        | Killed a death drake
  1529 | D        | Reached skill level 17 in Unarmed Combat
  1588 | D        | Killed a crystal guardian
  1592 | D        | Noticed a manticore
  1593 | D        | Noticed a manticore
  1593 | D        | Noticed a manticore
  1595 | D        | Slain by a manticore

Illustrated notes

Levels and vault maps discovered:
D:        the_violet_keep_of_menkaure [sprint2_stairs_cluster_1,
          sprint2_shoproom, sprint2_temple, sprint2_basic_supplies,
          sprint2_obstacle_2, sprint2_obstacle_6, sprint2_obstacle_5,
          sprint2_obstacle_1, sprint2_obstacle_3, sprint2_timed_cluster_1,
          sprint2_smallroom_cluster_1, sprint2_smallroom_final_cluster_1,
          sprint2_transparent_cluster_1, sprint2_second_timed_cluster_1,
          sprint2_sniper_area_1, sprint2_heavy_combat_area_1,
          sprint2_mutation_trap_area_1, sprint2_forest_area_1,
          sprint2_light_combat_area_1, sprint2_behind_water_1,
          sprint2_near_end_vault_1]

Skill      XL: |  1  2  3  4  5  6  7  8  9 10 |
---------------+-------------------------------+-----
Dodging        | 3 4 5 6 7 8 |  8.6
Unarmed Combat | 5 6 8 10 12 13 16 17 | 17.7
Shapeshifting  | 5 6 7 9 10 11 | 11.6
Fighting       | 2 3 4 |  4.3
Armour         | 2 3 |  3.6

Action                     |  1- 3 |  4- 6 |  7- 9 | 10-12 || total
---------------------------+-------+-------+-------+-------++-------
  Melee: Unarmed           |     7 |    27 |    76 |    32 ||   142
         Punch             |       |       |     6 |     3 ||     9
    Use: Potion            |     1 |     1 |     2 |     2 ||     6
   Stab: Distracted        |       |       |     1 |       ||     1
 Armour: Skin              |     5 |     8 |       |       ||    13
         Animal skin       |       |     6 |     8 |       ||    14
         Plate armour      |       |       |    17 |    11 ||    28
         Leather armour    |       |       |     9 |     9 ||    18
  Dodge: Dodged            |     2 |    10 |    26 |    13 ||    51

Table legend: (Time is in decaauts)
 A = Elapsed time spent in this place.
 B = Non-inter-level travel time spent in this place.
 C = Inter-level travel time spent in this place.
 D = Time resting spent in this place.
 E = Time spent auto-exploring this place.
 F = Levels seen in this place.
 G = Mean time per level.
                   A        B        C        D        E       F      G
               +--------+--------+--------+--------+--------+-----+--------+
         Total |   1545 |   1545 |      0 |    894 |      0 |   1 | 1545.0 |
       Dungeon |   1545 |   1545 |      0 |    894 |      0 |   1 | 1545.0 |
               +--------+--------+--------+--------+--------+-----+--------+

Top non-repeatable levels by time:
       D: 1545 daAuts
